 Dungeon Crawl Stone Soup version 0.21-a0-517-gd76cfe0 (webtiles) character file.

26 slep the Ducker (level 2, 0/33 HPs)
             Began as a Demonspawn Gladiator on Dec 4, 2017.
             Succumbed to an adder's poison
             ... on level 1 of the Dungeon.
             The game lasted 00:02:53 (886 turns).

slep the Ducker (Demonspawn Gladiator)               Turns: 886, Time: 00:02:54

Health: 0/33       AC: 21    Str: 14    XL:     2   Next: 89%
Magic:  2/2        EV:  2    Int:  9    God:
Gold:   23         SH:  3    Dex: 14    Spells: 1/1 levels left

rFire    . . .     SeeInvis .   a - +0 war axe
rCold    . . .     Gourm    .   g - +0 buckler
rNeg     + + +     Faith    .   (armour currently unavailable)
rPois    +         Spirit   .   (helmet currently unavailable)
rElec    .         Reflect  .   (cloak currently unavailable)
rCorr    .         Harm     .   (gloves currently unavailable)
MR       .....     NoTele   +   (boots currently unavailable)
Stlth    +.........             (no amulet)
HPRegen  0.11/turn              (no ring)
MPRegen  0.08/turn              (no ring)

@: lethally poisoned (0 -> -8), tree-form
A: no striking features
a: no special abilities


You were on level 1 of the Dungeon.
You were not hungry.
You were a tree.
You visited 1 branch of the dungeon, and saw 2 of its levels.

You collected 23 gold pieces.

Inventory:

Hand Weapons
 a - a +0 war axe (weapon)
Missiles
 d - 3 throwing nets (quivered)
Armour
 b - a +0 leather armour
 c - a +0 helmet (melded)
 g - a +0 buckler (worn)
 h - a +0 ring mail (melded)
Scrolls
 j - a scroll of enchant armour {unknown}
 k - a scroll of identify {unknown}
Potions
 i - a potion of curing {unknown}
Comestibles
 f - a bread ration


   Skills:
 + Level 2.2 Fighting
 + Level 3.1 Axes
 + Level 1.7 Throwing
 + Level 0.2 Armour
 + Level 3.1 Dodging


You had one spell level left.
You didn't know any spells.

Dungeon Overview and Level Annotations

Branches:
Dungeon (2/15)

Altars:


Innate Abilities, Weirdness & Mutations

((You are partially covered in yellow scales. (AC +2)))


Message History

Your shield and ring mail prevent you from hitting the adder.
You feel sick. The adder bites you. The adder barely misses you.
You miss the adder.
You feel sick. The adder closely misses you. x2
You barely miss the adder.
You feel sick. The adder barely misses you. You block the adder's attack.
You barely miss the adder.
* * * LOW HITPOINT WARNING * * *
You feel sick. The adder closely misses you.
You closely miss the adder.
The adder bites you but does no damage. x2
You slash the adder!
The adder is severely wounded.
* * * LOW HITPOINT WARNING * * *
You feel sick. The adder bites you.
* * * LOW HITPOINT WARNING * * *
You are more poisoned.
The adder poisons you! The adder bites you but does no damage.
It was a potion of lignification.
You turn into a tree.
Your +0 helmet melds into your body.
Your +0 ring mail melds into your body.
Your roots penetrate the ground.
You die...

#...#....# #.....#.#.....
#...#....#######.#.######
#..............#.#.######
#.........######.#.#.#...
#..............#..†#.#..#
#..........###.####..#..#
#..........# #.#.........
######..........###.#...#.....
#............♣..........#.#..#
#.###########.S...#.#...######
#.# #...#.#.#...##### #.#
#########.#.#.......## #.#
#.........#.#####.#... #.#
#...#######.##........ #.#
#...# #....##..... #.# #...#
#.....#.#...
#.#######...#######.....#.#...


You could see an adder.

Vanquished Creatures
  2 dart slugs (D:1)
  A leopard gecko (D:1)
  4 bats (D:1)
  2 giant cockroaches (D:1)
  3 jackals (D:1)
  3 goblins (D:1)
  5 kobolds (D:1)
  A rat (D:1)
21 creatures vanquished.

Notes
Turn   | Place    | Note
-------+----------+-------------------------------------------
     0 | D:1      | slep the Demonspawn Gladiator began the quest for the Orb.
     0 | D:1      | Reached XP level 1. HP: 16/16 MP: 1/1
   239 | D:1      | Gained mutation: You are partially covered in yellow scales. (AC +2) [demonic ancestry]
   239 | D:1      | Reached XP level 2. HP: 10/22 MP: 2/2
   885 | D:1      | HP: 1/22 [adder (4)]
   886 | D:1      | Succumbed to an adder's poison

Vault maps used:
D:1:      dpeg_arrival_ternary, serial_co_window_serial, co_window_corner_a,
          co_window_paths_b, co_window_paths_b, co_window_corner_a,
          co_window_corner_a, co_window_corner_b, co_window_corner_ca,
          co_window_2corner, co_window_unsneaky_path_e, co_window_corner_b,
          co_window_4corner_b, glass_columns_a

Skill      XL: |  1  2 |
---------------+-------+-----
Dodging        | 3 |  3.1
Axes           | 3 |  3.1
Fighting       | |  2.2
Throwing       | |  1.7
Armour         | |  0.2

Action                   || total
-------------------------++-------
Melee: War axe           ||    76
  Use: Potion            ||     1
Armor: Ring mail         ||    33
       Leather armour    ||     5
Dodge: Dodged            ||    51
Block: Buckler           ||    16

Table legend:
 A = Spawn XP
 B = Non-spawn XP
 C = Spawn XP percentage of total XP
 D = Spawn monster count
 E = Non-spawn monster count
 F = Spawn count percentage of total count
 G = Total turns spent on level
                    A         B        C        D         E        F      G
               +---------+---------+-------+---------+---------+-------+---------
         Total |       0 |      38 |   0.0 |       0 |      21 |   0.0 |   886
               +---------+---------+-------+---------+---------+-------+---------
           D:1 |       0 |      38 |   0.0 |       0 |      21 |   0.0 |   881
               +---------+---------+-------+---------+---------+-------+---------
